 Dungeon Crawl Stone Soup version 0.31.0-9-g3a7656b989 (webtiles) character file.

Game seed: 5283961350459928890

82 Bnni the Apothecary (level 4, 0/29 HPs)
             Began as an Octopode Alchemist on Jan 25, 2024.
             Slain by an adder (4 damage)
             ... on level 2 of the Dungeon.
             The game lasted 00:02:56 (1645 turns).

Bnni the Apothecary (Octopode Alchemist)            Turns: 1645, Time: 00:02:57

Health: 0/29       AC:  1    Str:  7    XL:     4   Next: 43%
Magic:  8/8        EV: 13    Int: 19    God:
Gold:   94         SH:  0    Dex: 12    Spells: 4/8 levels left

rFire   . . .        g - +1 short sword (vamp)
rCold   + . .        (no shield)
rNeg    . . .        (helmet restricted)
rPois   .            (no amulet)
rElec   .            k - ring of protection from cold
rCorr   .            (no ring)
SInv    .            (no ring)
Will    .....        (no ring)
Stlth   +++          (no ring)
HPRegen 0.24/turn    (no ring)
MPRegen 0.11/turn    (no ring)
                     (no ring)

%: no passive effects
@: no status effects
A: almost no armour, amphibious, 8 rings, camouflage 1, gelatinous body 1,
(nimble swimmer 1), tentacles
a: no special abilities


You were on level 2 of the Dungeon.
You visited 1 branch of the dungeon, and saw 3 of its levels.

You collected 94 gold pieces.

Inventory:

Hand Weapons
 g - a +1 vampiric short sword (weapon)
Jewellery
 k - a ring of protection from cold (left tentacle)
Scrolls
 b - a scroll of acquirement {unknown}
 c - 2 scrolls of noise {unknown}
 d - a scroll of fog {unknown}
 e - 2 scrolls of blinking {unknown}
 i - 2 scrolls of poison {unknown}
 j - a scroll of summoning {unknown}
Potions
 a - a potion of magic
 f - 2 potions of ambrosia {unknown}
 h - a potion of haste {unknown}
 l - a potion of heal wounds {unknown}
 m - a potion of lignification {unknown}


   Skills:
 + Level 1.6 Fighting
 - Level 2.0 Dodging
 - Level 2.6 Stealth
 + Level 2.6 Spellcasting
 - Level 1.0 Conjurations
 * Level 4.6 Alchemy


You had 4 spell levels left.
You knew the following spells:

 Your Spells              Type           Power      Damage    Failure   Level
a - Sting                 Conj/Alch      52%        1d6       4%          1
c - Mephitic Cloud        Conj/Alch/Air  9%         N/A       22%         3

Your spell library contained the following spells:

 Spells                   Type           Power      Damage    Failure   Level
 Mercury Vapours          Alch/Air       22%        N/A       10%         2
 Static Discharge         Conj/Air       8%         3-4/arc   19%         2
 Call Imp                 Summ           4%         N/A       24%         2
 Sublimation of Blood     Necr           2%         N/A       24%         2
 Olgreb's Toxic Radiance  Alch           20%        N/A       24%         4
 Sticky Flame             Fire/Alch      11%        2d5       52%         4
 Airstrike                Air            1%         2d(1-17)  85%         4
 Summon Lightning Spire   Summ/Air       2%         N/A       85%         4
 Summon Hydra             Summ           1%         N/A       100%        7


Dungeon Overview and Level Annotations

Branches:
Dungeon (3/15)

Altars:
Wu Jian

Annotations:
D:2 Terence


Innate Abilities, Weirdness & Mutations

You cannot wear most types of armour.
You are amphibious.
You can wear up to eight rings at the same time.
Your skin changes colour to match your surroundings (Stealth+).
Your rubbery body absorbs attacks. (AC +1, EV +1)
((You are camouflaged when in or above water. (Stealth+)))
You have tentacles for arms and can constrict up to eight enemies at once.


Message History

The adder bites you.
You are poisoned.
The adder poisons you! The adder misses you.
You hit the adder.
You feel better.
You kill the adder!
You feel sick.
You feel sick.
You see here an adder corpse.
You feel sick.
There is a stone staircase leading down here.
You start resting.
You feel sick. x2
You are no longer poisoned.
Your magical contamination has completely faded away.
You start resting.
Magic restored.
You start resting.
HP restored.
You climb downwards.
You hear the sound of rushing water.
There is an entrance to a sewer on this level.
Hurry and find it before the portal rusts away!
Level annotation: Terence You hear the rusting of a drain very nearby.
Terence hits you with a +0 hand axe! The rat closely misses you.
The adder barely misses you. Terence misses you.
There is a stone staircase leading up here.
Unknown command.
The adder bites you. Terence closely misses you.
You climb upwards.
There is a stone staircase leading down here.
The adder bites you.
The river rat attacks as it pursues you!
The river rat bites you!
* * * LOW HITPOINT WARNING * * *
Terence hits you with a +0 hand axe.
* * * LOW HITPOINT WARNING * * *
The adder closely misses you.
Unknown command.
You hit the adder but do no damage. Your grab misses the adder.
The adder bites you.
You die...

.#.#####.###....##.#.####...#.#..
................##.#.# #.###.#.##
.#.#####.###....##.#.####.8.###.8
.......................#.###.#.##
)..............###.....##...#.#..
.#............##..........8.#8#.8
............................#.#..
.#.#.#..####.###.#.....^...#.#.#.
.#.#.#.....#.###@#.........######
.#.#.#..##...#rS.#.........#.....
.#.#.#..###...@###.........######
.............†>............#
##.#.#..####.#.###......####
#.#.....................# #####
#)#.#..####.#.###......## #....
#.#.#..# #.#.# ######## #####
#.#....# #.#.#


You could see Terence, an adder and a river rat.

Vanquished Creatures
  A bombardier beetle (D:2)
  An adder (D:2)
  3 dart slugs
  An endoplasm (D:1)
  2 goblins (D:1)
  4 hobgoblins (D:1)
  8 jackals
  2 kobolds (D:1)
  2 quokkas
  2 ball pythons
  2 frilled lizards
  3 rats
31 creatures vanquished.

Notes
Turn   | Place    | Note
-------+----------+-------------------------------------------
     0 | D:1      | Bnni the Octopode Alchemist began the quest for the Orb.
     0 | D:1      | Reached XP level 1. HP: 11/11 MP: 3/3
    55 | D:1      | Reached XP level 2. HP: 9/18 MP: 0/5
   386 | D:1      | Reached skill level 1 in Fighting
   539 | D:1      | Found a faded altar of an unknown god.
   753 | D:2      | Reached skill level 4 in Alchemy
   753 | D:2      | Reached XP level 3. HP: 17/23 MP: 4/6
   890 | D:2      | Found an ornate altar of the Wu Jian Council.
  1500 | D:3      | Noticed an ogre
  1512 | D:3      | Learned a level 3 spell: Mephitic Cloud
  1573 | D:3      | Noticed Terence
  1579 | D:2      | Reached XP level 4. HP: 20/28 MP: 3/7
  1645 | D:2      | Slain by an adder

Illustrated notes

Levels and vault maps discovered:
D:1:      sevenhm_arrival_forest_fort_small_3, layout_rooms,
          ebering_ecumenical_altar_box, nicolae_titane
D:2:      layout_basic, basic_altar, nicolae_twisty_statue_hallways
D:3:      layout_rooms, nicolae_qazlal_eye_of_the_storm,
          lightli_sewer_entry_pipes, hellmonk_ghost_happy_afterlife,
          uniq_terence, uniq_robin

Skill      XL: |  1  2 |
---------------+-------+-----
Fighting       | 1 |  1.6
Alchemy        | 4 |  4.6
Dodging        | |  2.0
Stealth        | |  2.6
Spellcasting   | |  2.6
Conjurations   | |  1.0

Action                     |  1- 3 |  4- 6 || total
---------------------------+-------+-------++-------
  Melee: Unarmed           |     8 |       ||     8
         Constrict         |    16 |       ||    16
         Dagger            |    13 |       ||    13
         Tentacles         |     8 |       ||     8
         Short sword       |    21 |     3 ||    24
         Punch             |     1 |       ||     1
   Cast: Sting             |    23 |       ||    23
   Stab: Sleeping          |     3 |       ||     3
 Armour: Skin              |    20 |     7 ||    27
  Dodge: Dodged            |    37 |     6 ||    43
